Map: Cité émeraude EC

Players

Mistaro

  • Race: Protoss Protoss
  • Spawn Location: 5:00

IA (très facile)

  • Race: Terran Terran
  • Spawn Location: 11:00

VOD

Have the link to the VOD?

Description

Time

  • Played on: April 3, 2019, 2:13 p.m.
  • Length: 2:49
Show
View Real Time Build Order
Export as new Build Order

Mistaro Protoss 

Build Orders:  

Get SALT Encoding   

  12  0:28  Pylon  
  12  0:56  Gateway  
  12  2:04  Cybernetics Core  
  12  2:26  Cybernetics Core  
  12  2:40  Pylon  
Show
View Real Time Build Order
Export as new Build Order

IA (très facile) Terran 

Build Orders:  

Get SALT Encoding   

  12  0:00  SCV  
  13  0:13  SCV  
  14  0:18  Supply Depot  
  14  0:36  Refinery  
  14  0:43  Barracks  
  14  1:03  Supply Depot  
  14  1:12  Refinery  
  14  1:30  Marine  
  15  1:32  Orbital Command  
  15  1:58  SCV  
  16  2:10  SCV  
  17  2:17  Barracks Tech Lab  
  17  2:22  SCV  
  18  2:34  SCV  
Tags
 
Matchup
PvT
Replay Pack
Pack 2
Spawn Locations
Cross Positions
Add a new tag
Caveats
  • Supply blocks, unpowered buildings, or Contaminate may cause inaccurate times.
  • Supply counts are checked every 10 seconds.